 Dungeon Crawl Stone Soup version 0.21.0-3-g78d12a8 (webtiles) character file.

33 tilp the Conjurer (level 3, 0/26 HPs)
             Began as a Draconian Conjurer on Jan 12, 2018.
             Slain by an ogre
             ... wielding a cursed -2 giant spiked club
              (7 damage)
             ... on level 2 of the Dungeon.
             The game lasted 00:03:08 (1326 turns).

tilp the Conjurer (Draconian Conjurer)              Turns: 1326, Time: 00:03:08

Health: 0/26       AC:  6    Str: 10    XL:     3   Next: 12%
Magic:  1/6        EV: 12    Int: 16    God:
Gold:   26         SH:  0    Dex: 11    Spells: 3/6 levels left

rFire    . . .     SeeInvis .   h - +0 dagger
rCold    . . .     Gourm    .   (no shield)
rNeg     . . .     Faith    .   (armour unavailable)
rPois    .         Spirit   .   (helmet restricted)
rElec    .         Reflect  .   (no cloak)
rCorr    .         Harm     .   j - +0 pair of gloves
MR       .....                  (no boots)
Stlth    ++........             (no amulet)
HPRegen  0.08/turn              (no ring)
MPRegen  0.10/turn              (no ring)

@: no status effects
A: unfitting armour, cold-blooded, AC +5
a: no special abilities


You were on level 2 of the Dungeon.
You were not hungry.

You visited 1 branch of the dungeon, and saw 2 of its levels.

You collected 26 gold pieces.

Inventory:

Hand Weapons
 h - a +0 dagger (weapon)
Missiles
 d - 3 tomahawks (quivered)
Armour
 j - a +0 pair of gloves (worn)
Scrolls
 c - a scroll of remove curse {unknown}
 e - a scroll of teleportation {unknown}
 f - a scroll of immolation {unknown}
 i - a scroll of identify {unknown}
 l - a scroll of amnesia {unknown}
 n - a scroll of blinking {unknown}
Potions
 g - a potion of lignification {unknown}
 k - a potion of brilliance {unknown}
Books
 a - a book of Conjurations

   Spells                             Type                      Level
   a - Magic Dart                     Conjuration                  1
   b - Searing Ray                    Conjuration                  2
   c - Dazzling Spray                 Conjuration/Hexes            3
   d - Fulminant Prism                Conjuration/Hexes            4
   e - Force Lance                    Conjuration/Translocation    4
   f - Iskenderun's Mystic Blast      Conjuration                  4
 m - a book of Minor Magic

   Spells                             Type                      Level
   a - Magic Dart                     Conjuration                  1
   b - Blink                          Translocation                2
   c - Call Imp                       Summoning                    2
   d - Slow                           Hexes                        2
   e - Conjure Flame                  Conjuration/Fire             3
   f - Mephitic Cloud                 Conjuration/Poison/Air       3
Comestibles
 b - a ration
 o - a chunk of flesh


   Skills:
 - Level 1.7 Dodging
 - Level 1.7 Stealth
 - Level 2.0 Spellcasting
 + Level 5.1 Conjurations


You had 3 spell levels left.
You knew the following spells:

 Your Spells              Type           Power        Failure   Level  Hunger
a - Magic Dart            Conj           ###.         2%          1    #......
b - Searing Ray           Conj           ###...       3%          2    ###....


Dungeon Overview and Level Annotations

Branches:
Dungeon (2/15)

Altars:


Innate Abilities, Weirdness & Mutations

Your plain brown scales are hard. (AC +5)
You cannot fit into any form of body armour.
You are cold-blooded and may be slowed by cold attacks.


Message History

Aiming: Searing Ray
Press: ? - help, Shift-Dir - straight line, f - ogre
Aim: an ogre, wielding a giant spiked club The searing ray hits the ogre.
The ogre is lightly wounded. (Press . to maintain the ray.)
The searing ray hits the ogre.
The ogre is moderately wounded.
The searing ray hits the ogre.
The ogre is heavily wounded.
The searing ray hits the ogre.
The ogre is severely wounded.
You finish channeling your searing ray.
The ogre hits you with a giant spiked club!!
Ouch! That really hurt!
* * * LOW HITPOINT WARNING * * *
You hit the ogre but do no damage.
The ogre is severely wounded.
The ogre hits you with a giant spiked club!
You die...

### ######.# ### #<.....#
..# ######.# #.# #.# #.#
#.# #.# #.# ###
####O##### #.# #..
#...@....# ##.## #..
#........# #...# #..
#........# #...######
####.##### #...+.....
#########.# #...######
..........# #)).# #...
########..# #...# #...
########:#######...###...
.....................'...


You could see an ogre.

Vanquished Creatures
  An adder (D:2)
  A leopard gecko (D:1)
  5 giant cockroaches
  3 hobgoblins
  6 bats (D:1)
  2 frilled lizards
  2 goblins (D:1)
  A kobold (D:2)
  2 rats (D:1)
23 creatures vanquished.

Notes
Turn   | Place    | Note
-------+----------+-------------------------------------------
     0 | D:1      | tilp the Draconian Conjurer began the quest for the Orb.
     0 | D:1      | Reached XP level 1. HP: 14/14 MP: 3/3
   361 | D:1      | Reached XP level 2. HP: 19/20 MP: 5/5
   503 | D:1      | Learned a level 2 spell: Searing Ray
  1159 | D:2      | Reached skill level 5 in Conjurations
  1159 | D:2      | Reached XP level 3. HP: 26/26 MP: 1/6
  1321 | D:2      | Noticed an ogre
  1326 | D:2      | Slain by an ogre

Skill      XL: |  1  2 |
---------------+-------+-----
Conjurations   | 5 |  5.1
Dodging        | |  1.7
Stealth        | |  1.7
Spellcasting   | |  2.0

Action                   || total
-------------------------++-------
Melee: Dagger            ||    63
       Unarmed           ||     2
       Club              ||     1
       Tailslap          ||     5
 Cast: Magic Dart        ||    20
       Searing Ray       ||     1
 Stab: Sleeping          ||     1
  Eat: Chunk             ||     2
Armor: Skin              ||    24
Dodge: Dodged            ||    47
